 Dungeon Crawl Stone Soup version 0.27-a0-1202-ge72e49191c (webtiles) character file.

Game seed: 9455264982406889502

989 deadmanwalking the Magician (level 7, -5/36 HPs)
             Began as a Deep Elf Venom Mage on June 4, 2021.
             Was a Priest of Qazlal.
             Slain by a water moccasin (8 damage)
             ... on level 5 of the Dungeon.
             The game lasted 00:22:50 (5867 turns).

deadmanwalking the Magician (Deep Elf Venom Mage)   Turns: 5867, Time: 00:22:51

Health: -5/36      AC:  8    Str:  8    XL:     7   Next: 98%
Magic:  7/18       EV: 12    Int: 22    God:    Qazlal [***...]
Gold:   103        SH:  4    Dex: 15    Spells: 10/18 levels left

rFire    . . .     SeeInvis .   b - +0 quarterstaff
rCold    . . .     Faith    .   (shield currently unavailable)
rNeg     . . .     Spirit   .   f - +0 robe
rPois    .         Reflect  .   (no helmet)
rElec    .         Harm     .   (no cloak)
rCorr    .         Rampage  .   q - +1 pair of gloves {Str+3}
Will     .....                  (no boots)
Stlth    ++........             (no amulet)
HPRegen  0.12/turn              h - +4 ring of slaying
MPRegen  0.16/turn              p - +4 ring of protection

@: lethally poisoned (-5 -> -44), about to teleport
A: no striking features
a: Renounce Religion, Upheaval, Elemental Force


You were on level 5 of the Dungeon.
You worshipped Qazlal.
Qazlal was most pleased with you.
You visited 2 branches of the dungeon, and saw 6 of its levels.

You collected 103 gold pieces.

Inventory:

Hand Weapons
 a - a +1 dagger
 b - a +0 quarterstaff (weapon)
 c - a +0 hunting sling
Missiles
 d - 61 arrows
 e - 16 poisoned darts
 i - 157 stones
 j - 25 sling bullets
Armour
 f - a +0 robe (worn)
 q - a +1 pair of gloves of strength (worn)
Jewellery
 h - a +4 ring of slaying (left hand)
 p - a +4 ring of protection (right hand)
Wands
 g - a wand of flame (13)
 o - a wand of iceblast (5)
Scrolls
 k - a scroll of fog
 m - a scroll of summoning
Potions
 r - a potion of magic
 s - a potion of haste


   Skills:
 - Level 2.4 Dodging
 - Level 2.4 Stealth
 + Level 6.1 Spellcasting
 + Level 4.7 Transmutations
 + Level 3.8 Fire Magic
 + Level 5.6 Poison Magic
 + Level 4.2 Invocations


You had 10 spell levels left.
You knew the following spells:

 Your Spells              Type           Power      Damage    Failure   Level
a - Sting                 Tmut/Pois      100%       1d8       1%          1
b - Ignite Poison         Fire/Tmut/Pois 27%        N/A       3%          3
c - Olgreb's Toxic Radia  Pois           31%        N/A       9%          4

Your spell library contained the following spells:

 Spells                   Type           Power      Damage    Failure   Level
 Poisonous Vapours        Pois/Air       38%        N/A       4%          2
 Mephitic Cloud           Conj/Pois/Air  15%        N/A       13%         3


Dungeon Overview and Level Annotations

Branches:
Dungeon (5/15)             Temple (1/1) D:4

Altars:
Ashenzari
Cheibriados
Dithmenos
Elyvilon
Fedhas
Gozag
Kikubaaqudgha
Makhleb
Nemelex Xobeh
Okawaru
Qazlal
Ru
Sif Muna
Trog
Uskayaw
Vehumet
Xom
Yredelemnul
Zin
The Shining One

Shops:
D:1 ?


Message History

The sting hits the iguana but does no damage.
The iguana looks even sicker.
The iguana is almost dead.
You kill the iguana!
Qazlal accepts your kill.
The sting hits the water moccasin.
The water moccasin partially resists.
The water moccasin is lightly wounded.
The water moccasin bites you but does no damage.
The sting hits the water moccasin but does no damage.
The water moccasin is poisoned.
The water moccasin is lightly wounded.
The water moccasin closely misses you.
The sting misses the water moccasin.
The water moccasin bites you.
You are poisoned.
The water moccasin poisons you! The water moccasin bites you.
You are lethally poisoned!
The water moccasin poisons you!
You are too injured to fight recklessly!
You are too injured to fight recklessly!
Okay, then.
Casting: Sting (safe; 1% risk of failure)
Confirm with . or Enter, or press ? or * to list all spells.
Aiming: Sting (safe; 1% risk of failure)
Press: ? - help, Shift-Dir - straight line, f/p - water moccasin
Aim: a water moccasin (lightly wounded, poisoned, 63% to hit)
The sting hits the water moccasin.
The water moccasin looks even sicker.
The water moccasin is lightly wounded.
* * * LOW HITPOINT WARNING * * *
You feel extremely sick.
The water moccasin bites you but does no damage.
Unknown command.
As you read the scroll of teleportation, it crumbles to dust.
You feel strangely unstable.
* * * LOW HITPOINT WARNING * * *
You feel very sick. The water moccasin bites you.
* * * LOW HITPOINT WARNING * * *
You are more poisoned.
The water moccasin poisons you! The water moccasin bites you!
You die...

.###. ...# .# .#.#
.. ..# #. ... #..
#.# # ### #.# #S#
. ..# #.# #@# #
#.# #.####.# #
#####.# #......#
###...#.###..#####
##.# #...##..#
#..# #....#..#
#..###...>...#
#.#.......#..#
#.####...##.....


You could see a water moccasin (very poisoned).

Vanquished Creatures
  A water moccasin (D:5)
  2 black bears
  An ogre (D:5)
  A centaur (D:5)
  A phantom (D:4)
  A scorpion (D:4)
  A water moccasin skeleton (D:5)
  2 orc priests
  2 iguanas (D:5)
  2 orc wizards
  A hound skeleton (D:4)
  2 howler monkey skeletons
  3 gnolls (D:3)
  5 adders
  An ufetubus (D:3)
  2 dart slugs
  7 orcs
  10 endoplasms
  7 giant cockroaches
  10 goblins
  7 hobgoblins
  3 jackals
  3 quokkas
  11 ball pythons
  6 bats
  2 frilled lizards
  7 kobolds
  A quokka skeleton (D:4)
  5 rats
107 creatures vanquished.

Vanquished Creatures (others)
  6 plants (D:2)
6 creatures vanquished.

Grand Total: 113 creatures vanquished

Notes
Turn   | Place    | Note
-------+----------+-------------------------------------------
     0 | D:1      | deadmanwalking the Deep Elf Venom Mage began the quest for
                  | the Orb.
     0 | D:1      | Reached XP level 1. HP: 10/10 MP: 6/6
   248 | D:1      | Found a faded altar of an unknown god.
   254 | D:1      | Became a worshipper of Qazlal Stormbringer
   254 | D:1      | Reached * piety under Qazlal
   478 | D:1      | Reached XP level 2. HP: 6/15 MP: 5/8
   780 | D:1      | Found Mafikk's Magic Scroll Boutique.
  1356 | D:2      | Reached skill level 1 in Invocations
  1432 | D:2      | Reached XP level 3. HP: 12/19 MP: 0/10
  1762 | D:2      | Learned a level 3 spell: Ignite Poison
  2042 | D:2      | Reached ** piety under Qazlal
  2538 | D:2      | Reached XP level 4. HP: 24/24 MP: 8/11
  3012 | D:3      | Learned a level 4 spell: Olgreb's Toxic Radiance
  3118 | D:3      | Reached skill level 4 in Spellcasting
  3118 | D:3      | Reached skill level 1 in Fire Magic
  3949 | D:3      | Reached XP level 5. HP: 20/28 MP: 10/13
  4363 | D:4      | Found a basalt altar of Yredelemnul.
  4424 | D:4      | Found a hide-covered altar of Uskayaw.
  4460 | D:4      | Reached *** piety under Qazlal
  4481 | D:4      | Found a staircase to the Ecumenical Temple.
  4493 | Temple   | Entered the Ecumenical Temple
  4804 | D:4      | Noticed a phantom
  4808 | D:4      | Killed a phantom
  4809 | D:4      | Reached XP level 6. HP: 32/32 MP: 13/15
  4819 | D:4      | Reached skill level 5 in Spellcasting
  5387 | D:5      | Entered Level 5 of the Dungeon
  5387 | D:5      | Noticed a water moccasin
  5397 | D:5      | Killed a water moccasin
  5398 | D:5      | Reached skill level 5 in Poison Magic
  5398 | D:5      | Reached XP level 7. HP: 26/36 MP: 9/17
  5846 | D:5      | Reached skill level 6 in Spellcasting
  5867 | D:5      | Slain by a water moccasin

Illustrated notes

Levels and vault maps discovered:
D:1:      lemuel_arrival_broad_hall, layout_basic,
          hellmonk_ecumenical_altar_zigzags, serial_shops, shop_statue
D:2:      cheibrodos_old_hovel, layout_loops_ring, serial_bayou_pond_b
D:3:      layout_loops_ring
D:4:      layout_basic, nicolae_overflow_hidden_temple,
          nicolae_uskayaw_suspiria, minmay_temple_entry_mini_moons
D:5:      layout_loops_ring, serial_shops, nicolae_shop_overgrown_old_shop,
          hangedman_decor_slide_cut, minmay_starry_boxes
Temple:   regret_index_temple_mists

Skill      XL: |  1  2  3  4  5  6  7 |
---------------+----------------------+-----
Invocations    | 1 2 3 4 |  4.2
Transmutations | 2 3 4 |  4.7
Poison Magic   | 4 5 |  5.6
Spellcasting   | 4 5 6 |  6.1
Fire Magic     | 1 2 3 |  3.8
Dodging        | |  2.4
Stealth        | |  2.4

Action                   |  1- 3 |  4- 6 |  7- 9 || total
-------------------------+-------+-------+-------++-------
Melee: Dagger            |     6 |     1 |     2 ||     9
       Quarterstaff      |       |    17 |     9 ||    26
 Cast: Sting             |    97 |   120 |    46 ||   263
Evoke: Wand              |       |     8 |     2 ||    10
  Use: Scroll            |     3 |     8 |     1 ||    12
 Stab: Sleeping          |     1 |       |       ||     1
Armor: Robe              |     6 |    23 |    17 ||    46
Dodge: Dodged            |    34 |    39 |    23 ||    96
Block: Other             |     5 |     9 |     6 ||    20

Table legend: (Time is in decaauts)
 A = Elapsed time spent in this place.
 B = Non-inter-level travel time spent in this place.
 C = Inter-level travel time spent in this place.
 D = Time resting spent in this place.
 E = Time spent auto-exploring this place.
 F = Levels seen in this place.
 G = Mean time per level.
                   A        B        C        D        E       F      G
               +--------+--------+--------+--------+--------+-----+--------+
         Total |   5934 |   5543 |    391 |    243 |   4553 |   6 |  989.0 |
       Dungeon |   5704 |   5335 |    369 |    243 |   4352 |   5 | 1140.8 |
        Temple |    230 |    208 |     22 |      0 |    201 |   1 |  230.0 |
               +--------+--------+--------+--------+--------+-----+--------+

Top non-repeatable levels by time:
     D:1: 1628 daAuts
     D:3: 1411 daAuts
     D:2: 1258 daAuts
     D:4: 978 daAuts
     D:5: 427 daAuts
  Temple: 230 daAuts
